 Dungeon Crawl Stone Soup version 0.30-a0-956-gcec3b41aec (webtiles) character file.

Game seed: 1530845076606802216

16602 Lobster4 the Grappler (level 12, -5/118 HPs)
             Began as a Troll Gladiator on Mar 29, 2023.
             Was an Elder of Uskayaw.
             Slain by a cyan ugly thing (15 damage)
             ... on level 14 of the Dungeon.
             The game lasted 00:32:56 (9345 turns).

Lobster4 the Grappler (Troll Gladiator)             Turns: 9345, Time: 00:32:56

Health: -5/118     AC:  8    Str: 25    XL:     12   Next: 11%
Magic:  12/15      EV: 12    Int:  8    God:    Uskayaw [****..]
Gold:   891        SH:  0    Dex: 11    Spells: 16/17 levels left

rFire   . . .      SeeInvis .      - Unarmed
rCold   . . .      Faith    .    (no shield)
rNeg    + . .      Spirit   .    N - +0 steam dragon scales
rPois   .          Reflect  .    h - +1 hat
rElec   .          Rampage  .    p - scarf {repulsion}
rCorr   +                        (gloves unavailable)
Will    .....                    (boots unavailable)
Stlth   +                        y - amulet of regeneration
HPRegen 1.99/turn                j - ring of resist corrosion
MPRegen 0.14/turn                B - ring of positive energy

@: mighty, repel missiles
A: large, unfitting armour, claws 3, regeneration 1, shaggy fur 1, tough skin 1
a: Renounce Religion, Stomp, Line Pass


You were on level 14 of the Dungeon.
You worshipped Uskayaw.
Uskayaw was noncommittal.
You visited 1 branch of the dungeon, and saw 12 of its levels.

You collected 891 gold pieces.

Inventory:

Hand Weapons
 b - a +1 sling of freezing
 d - a +0 giant club
 k - a +2 whip of flaming
 m - a +0 rapier of venom
 O - a +3 dire flail
Missiles
 f - 5 javelins
 l - 2 curare-tipped darts
 n - a large rock
 o - a throwing net
 C - 19 stones (quivered)
 H - 11 poisoned darts
Armour
 h - a +1 hat (worn)
 p - a scarf of repulsion (worn)
 N - +0 steam dragon scales (worn)
Jewellery
 j - a ring of resist corrosion (left claw)
 u - a +6 ring of intelligence
 y - an amulet of regeneration (around neck)
 B - a ring of positive energy (right claw)
Wands
 q - a wand of digging (7)
 z - a wand of mindburst (6)
 E - a wand of roots (21)
 G - a wand of acid (6)
 K - a wand of flame (49)
 L - a wand of polymorph (18)
Scrolls
 s - 2 scrolls of amnesia
 t - 4 scrolls of teleportation
 v - a scroll of brand weapon
Potions
 e - 2 potions of brilliance
 g - 7 potions of curing
 i - a potion of cancellation
 r - 3 potions of magic {unknown}
 w - a potion of berserk rage
 x - 2 potions of flight
 D - a potion of lignification
 F - 3 potions of heal wounds
 M - a potion of haste
 P - a potion of ambrosia
Miscellaneous
 A - a phantom mirror (inert)


   Skills:
 + Level 7.3 Fighting
 - Level 3.0 Maces & Flails
 - Level 3.0 Ranged Weapons
 - Level 5.0 Throwing
 - Level 3.0 Armour
 + Level 7.5 Dodging
 + Level 9.1 Unarmed Combat
 - Level 3.0 Spellcasting
 - Level 3.0 Conjurations
 - Level 3.0 Air Magic
 + Level 4.7 Invocations
 - Level 3.0 Evocations


You had 16 spell levels left.
You knew the following spells:

 Your Spells              Type           Power      Damage    Failure   Level
a - Shock                 Conj/Air       24%        1d4       10%         1

Your spell library contained the following spells:

 Spells                   Type           Power      Damage    Failure   Level
 Swiftness                Air            6%         N/A       28%         3
 Freeze                   Ice            4%         1d3       32%         1
 Summon Small Mammal      Summ           4%         N/A       32%         1
 Hailstorm                Conj/Ice       3%         3d3       45%         3
 Call Canine Familiar     Summ           1%         N/A       67%         3
 Frozen Ramparts          Ice            2%         1d1       67%         3
 Ignite Poison            Fire/Tmut/Pois 1%         N/A       67%         3
 Portal Projectile        Hex/Tloc       2%         N/A       67%         3
 Summon Guardian Golem    Hex/Summ       1%         N/A       67%         3
 Airstrike                Air            3%         2d(1-17)  67%         4
 Sticky Flame             Conj/Fire      3%         2d3       86%         4
 Leda's Liquefaction      Hex/Erth       0%         N/A       97%         4
 Alistair's Intoxication  Tmut/Pois      0%         N/A       100%        5
 Borgnjor's Vile Clutch   Necr/Erth      0%         N/A       100%        5
 Eringya's Noxious Bog    Tmut/Pois      0%         N/A       100%        6
 Ignition                 Fire           0%         3d3       100%        8


Dungeon Overview and Level Annotations

Branches:
Dungeon (11/15)            Temple (0/1) D:6            Lair (0/5) D:8
    Orc (0/2) D:11

Altars:
Ashenzari
Cheibriados
Dithmenos
Elyvilon
Makhleb
Okawaru
Qazlal
Sif Muna
Uskayaw
Vehumet
Wu Jian

Annotations:
D:9 3 runed translucent doors, Pooter's ghost, novice MiFi


Innate Abilities, Weirdness & Mutations

You are too large for most types of armour.
You have claws for hands.
Your natural rate of healing is unusually fast.
You are covered in fur. (AC +1)
You have tough skin. (AC +1)


Message History

Okay, then.
You feel much better.
The cyan ugly thing is no longer sharing its pain.
The cyan ugly thing basks in the mutagenic energy from its kin and changes!
The cyan ugly thing stings you.
* * * LOW HITPOINT WARNING * * *
The cyan ugly thing shocks you!
* * * LOW HITPOINT WARNING * * *
You claw the cyan ugly thing!
The cyan ugly thing is severely wounded.
The cyan ugly thing stings you.
* * * LOW HITPOINT WARNING * * *
The cyan ugly thing shocks you!
* * * LOW HITPOINT WARNING * * *
Uskayaw will force your foes to share their pain.
You feel much better. The cyan ugly thing stings you!
* * * LOW HITPOINT WARNING * * *
The cyan ugly thing shocks you!
* * * LOW HITPOINT WARNING * * *
Okay, then.
You stomp with the beat, sending a shockwave through the revellers around you!
The cyan ugly thing is severely wounded.
The green ugly thing is moderately wounded.
The green ugly thing basks in the mutagenic energy from its kin and changes!
The cyan ugly thing barely misses you.
You claw the cyan ugly thing!
The cyan ugly thing is almost dead.
The cyan ugly thing misses you.
Uskayaw will force your foes to share their pain.
You mangle the cyan ugly thing!!
You kill the cyan ugly thing!
You scratch the cyan ugly thing.
The cyan ugly thing is moderately wounded.
The cyan ugly thing closely misses you.
You claw the cyan ugly thing!
The cyan ugly thing is moderately wounded.
The cyan ugly thing pecks you!
* * * LOW HITPOINT WARNING * * *
The cyan ugly thing shocks you!
You die...

....u.. .......
....... ...#
#.....#####...####
#.....#...#..≈....
#.....'...+.≈.....
..##...#...#≈.....
#####...≈...#
#..@...≈#...#
#..u†.≈.'...+
#....≈.†#...#
#####..!#####
#...# #...+ #...#
#####


You could see a cyan ugly thing.

Vanquished Creatures
  Gastronok (D:10)
  Josephine (D:10)
  3 two-headed ogres
  Sonja (D:10)
  Pikel (D:5)
  2 ugly things (D:14)
  Psyche (D:9)
  Maggie (D:9)
  A kobold demonologist (D:10)
  2 trolls
  A shadow (D:11)
  2 wyverns
  2 vampires
  15 yaks
  7 wraiths (D:10)
  A basilisk (D:14)
  3 vampire mosquitoes (D:10)
  Grum (D:9)
  An acid dragon (D:8)
  3 water moccasins
  2 ice beasts (D:7)
  A black bear (D:6)
  2 orc warriors
  A sky beast (D:7)
  4 ogres
  4 centaurs
  6 wolves
  2 lemures (D:5)
  A kobold brigand (D:6)
  3 bullfrogs
  4 scorpions
  13 wights
  9 electric eels
  5 howler monkeys
  7 hounds
  2 gnoll boudas
  A jelly (D:7)
  6 orc priests
  A sleepcap (D:4)
  4 iguanas
  7 orc wizards
  12 gnolls
  7 adders
  A shadow imp (D:7)
  A white imp (D:7)
  An ufetubus (D:5)
  4 worms
  5 dart slugs
  36 orcs
  10 ball pythons
  8 endoplasms
  A giant cockroach (D:4)
  4 goblins
  6 hobgoblins
  6 kobolds
  3 quokkas
  4 bats
  3 frilled lizards
  2 rats
249 creatures vanquished.

Vanquished Creatures (collateral kills)
  A two-headed ogre (D:10)
1 creature vanquished.

Vanquished Creatures (others)
  16 plants
16 creatures vanquished.

Grand Total: 266 creatures vanquished

Notes
Turn   | Place    | Note
-------+----------+-------------------------------------------
     0 | D:1      | Lobster4 the Troll Gladiator began the quest for the Orb.
     0 | D:1      | Reached XP level 1. HP: 19/19 MP: 0/0
   339 | D:1      | Reached XP level 2. HP: 28/28 MP: 1/1
   843 | D:2      | Reached XP level 3. HP: 30/35 MP: 2/2
  1357 | D:3      | Reached XP level 4. HP: 42/42 MP: 3/3
  1624 | D:3      | Found a burning altar of Makhleb.
  1624 | D:3      | Noticed a green death
  1629 | D:3      | Noticed a hellwing
  1629 | D:3      | Noticed a smoke demon
  1851 | D:4      | Reached skill level 1 in Maces & Flails
  1890 | D:4      | Reached XP level 5. HP: 37/50 MP: 4/4
  1985 | D:4      | Reached skill level 4 in Unarmed Combat
  2018 | D:4      | Reached XP level 6. HP: 52/59 MP: 5/5
  2697 | D:5      | Entered Level 5 of the Dungeon
  2773 | D:5      | Reached XP level 7. HP: 52/67 MP: 6/6
  3143 | D:5      | Noticed Pikel
  3157 | D:5      | Killed Pikel
  3158 | D:5      | Reached skill level 5 in Unarmed Combat
  3158 | D:5      | Reached XP level 8. HP: 41/78 MP: 7/7
  3244 | D:5      | Found a shimmering blue altar of Sif Muna.
  3244 | D:5      | Found a shadowy altar of Dithmenos.
  3244 | D:5      | Found a snail-covered altar of Cheibriados.
  3600 | D:5      | Found a hide-covered altar of Uskayaw.
  3634 | D:5      | Became a worshipper of Uskayaw the Reveller
  3652 | D:5      | Reached * piety under Uskayaw
  3807 | D:6      | Reached ** piety under Uskayaw
  3809 | D:6      | Reached *** piety under Uskayaw
  3811 | D:6      | Reached skill level 6 in Unarmed Combat
  3811 | D:6      | Reached skill level 1 in Invocations
  3876 | D:6      | Reached skill level 1 in Evocations
  3894 | D:6      | Reached skill level 5 in Dodging
  3930 | D:6      | Reached **** piety under Uskayaw
  4034 | D:6      | Reached XP level 9. HP: 63/87 MP: 9/9
  4059 | D:6      | Found a staircase to the Ecumenical Temple.
  4123 | D:6      | Reached skill level 5 in Fighting
  4286 | D:6      | Found a white marble altar of Elyvilon.
  4439 | D:7      | Found a stormy altar of Qazlal.
  4518 | D:7      | Reached skill level 7 in Unarmed Combat
  4527 | D:7      | Learned a level 1 spell: Shock
  4599 | D:7      | Found an ornate altar of the Wu Jian Council.
  5275 | D:8      | Reached skill level 1 in Conjurations
  5298 | D:8      | Reached skill level 1 in Air Magic
  5471 | D:8      | Reached skill level 1 in Spellcasting
  5537 | D:8      | Noticed a troll
  5558 | D:8      | Killed a troll
  5559 | D:8      | Reached XP level 10. HP: 56/98 MP: 11/11
  5636 | D:8      | Found a staircase to the Lair.
  5802 | D:8      | Found an iron altar of Okawaru.
  6070 | D:8      | Noticed a two-headed ogre
  6085 | D:8      | Killed a two-headed ogre
  6357 | D:9      | Noticed a two-headed ogre
  6437 | D:9      | Killed a two-headed ogre
  6438 | D:9      | Reached skill level 1 in Ranged Weapons
  6482 | D:9      | Noticed Psyche
  6485 | D:9      | Noticed Maggie
  6503 | D:9      | Killed Psyche
  6509 | D:9      | Killed Maggie
  6643 | D:9      | Reached skill level 8 in Unarmed Combat
  6646 | D:9      | Reached ***** piety under Uskayaw
  6661 | D:9      | Found a radiant altar of Vehumet.
  6786 | D:9      | Noticed Grum
  6800 | D:9      | Killed Grum
  6918 | D:9      | Found a runed translucent gate.
  6918 | D:9      | Found a runed translucent gate.
  6921 | D:9      | Found a runed translucent gate.
  6937 | D:9      | Noticed Pooter's ghost (novice MiFi)
  7009 | D:9      | Reached skill level 1 in Armour
  7368 | D:9      | Found the +3 crown of Dyrovepreva {rElec Int+2 SInv}
  7548 | D:10     | Entered Level 10 of the Dungeon
  7548 | D:10     | Noticed a two-headed ogre
  7558 | D:10     | Killed a two-headed ogre
  7559 | D:10     | Reached XP level 11. HP: 107/107 MP: 13/13
  7726 | D:10     | Noticed a two-headed ogre
  7738 | D:10     | Killed a two-headed ogre
  7761 | D:10     | Noticed Gastronok
  7776 | D:10     | Killed Gastronok
  7863 | D:10     | Noticed Josephine
  7879 | D:10     | Killed Josephine
  8103 | D:10     | Reached ****** piety under Uskayaw
  8333 | D:10     | Found a broken altar of Ashenzari.
  8512 | D:10     | Noticed Sonja
  8519 | D:10     | Killed Sonja
  8558 | D:10     | Reached skill level 5 in Throwing
  8924 | D:11     | Reached XP level 12. HP: 79/118 MP: 15/15
  8949 | D:11     | Found a staircase to the Orcish Mines.
  9170 | D:11     | You fall into a shaft and drop 3 floors!
  9296 | D:14     | Reached skill level 9 in Unarmed Combat
  9336 | D:14     | HP: 5/118 [cyan ugly thing (14)]
  9345 | D:14     | Slain by a cyan ugly thing

Illustrated notes

Levels and vault maps discovered:
D:1:      onia_arrival_mini_maze, layout_basic, chequers_jeans
D:2:      layout_rooms, chequers_serial_rivers_micro_c
D:3:      layout_basic, makhleb_altar_promises_db, serial_bayou_lagoon_a
D:4:      layout_basic
D:5:      layout_basic, amcnicky_altar_gilded, gammafunk_temple_overflow_claw,
          uniq_pikel
D:6:      layout_rooms, nicolae_overflow_hidden_temple,
          minmay_temple_entry_gardened_gates
D:7:      layout_basic, nzn_wu_jian_contemplation, mainiacjoe_overflow_boulevard
D:8:      layout_cave_pods, lemuel_tele_altar, erik_lair_island,
          dk_noncrumbling_2
D:9:      layout_basic, vehumet_crystals, biasface_ghost_orc_armoury,
          hangedman_decor_opposing, chequers_big_river, uniq_grum, uniq_maggie,
          uniq_psyche
D:10:     hellmonk_destroyed_diamonds, layout_basic, general_overflow_altar,
          minmay_diced_spiral, uniq_gastronok, uniq_josephine, uniq_sonja
D:11:     layout_gridville, hiddenorc2_lemuel, chequers_serial_rivers_large_b,
          nemelex_diamond_rough_becter
D:14:     layout_big_octagon, hangedman_abyss_or_decor_clamps, serial_rivers,
          chequers_serial_rivers_micro_b, chequers_serial_rivers_small_a,
          chequers_serial_rivers_marsh, chequers_serial_rivers_micro_a,
          chequers_serial_rivers_small_b, uniq_louise, uniq_agnes, uniq_roxanne

Skill      XL: |  1  2  3  4  5  6  7  8  9 10 11 12 |
---------------+-------------------------------------+-----
Throwing       | 2 3 4 5 |  5.0
Fighting       | 2 3 4 5 6 7 |  7.3
Maces & Flails | 1 2 3 |  3.0
Dodging        | 3 4 5 6 7 |  7.5
Unarmed Combat | 4 5 6 7 8 9 |  9.1
Invocations    | 2 3 4 |  4.7
Evocations     | 1 3 |  3.0
Conjurations   | 1 2 3 |  3.0
Air Magic      | 1 2 3 |  3.0
Spellcasting   | 1 2 3 |  3.0
Ranged Weapons | 2 3 |  3.0
Armour         | 1 3 |  3.0

Action                     |  1- 3 |  4- 6 |  7- 9 | 10-12 || total
---------------------------+-------+-------+-------+-------++-------
  Melee: Unarmed           |    86 |   118 |   253 |   359 ||   816
         Punch             |     2 |     3 |    12 |    23 ||    40
   Fire: Sling             |       |       |     7 |    32 ||    39
  Throw: Stone             |       |    18 |    35 |     3 ||    56
         Large rock        |       |     1 |     3 |       ||     4
         Throwing net      |       |     1 |     2 |     4 ||     7
         Dart              |       |       |     4 |    26 ||    30
         Javelin           |       |       |     2 |    10 ||    12
   Cast: Shock             |       |       |       |     6 ||     6
 Invoke: Line Pass         |       |       |       |     1 ||     1
         Stomp             |       |       |       |     1 ||     1
  Evoke: Wand              |       |       |       |    14 ||    14
         Phantom mirror    |       |       |       |     1 ||     1
    Use: Scroll            |     5 |     8 |     4 |     8 ||    25
         Potion            |       |       |       |     6 ||     6
   Stab: Sleeping          |     3 |     1 |       |       ||     4
         Paralysed         |       |       |     5 |    26 ||    31
         Held in net/web   |       |       |       |     2 ||     2
 Armour: Robe              |    22 |    32 |    51 |     6 ||   111
         Steam dragon scal |       |       |       |    75 ||    75
         Skin              |       |       |       |     4 ||     4
  Dodge: Dodged            |    37 |    58 |   102 |   146 ||   343
         Repelled          |       |       |       |     3 ||     3

Table legend: (Time is in decaauts)
 A = Elapsed time spent in this place.
 B = Non-inter-level travel time spent in this place.
 C = Inter-level travel time spent in this place.
 D = Time resting spent in this place.
 E = Time spent auto-exploring this place.
 F = Levels seen in this place.
 G = Mean time per level.
                   A        B        C        D        E       F      G
               +--------+--------+--------+--------+--------+-----+--------+
         Total |   9282 |   8896 |    386 |    366 |   6124 |  12 |  773.5 |
       Dungeon |   9282 |   8896 |    386 |    366 |   6124 |  12 |  773.5 |
               +--------+--------+--------+--------+--------+-----+--------+

Top non-repeatable levels by time:
     D:8: 1314 daAuts
    D:10: 1272 daAuts
     D:9: 1132 daAuts
     D:5: 1100 daAuts
     D:4: 847 daAuts
     D:1: 823 daAuts
     D:7: 645 daAuts
     D:6: 612 daAuts
     D:3: 534 daAuts
     D:2: 477 daAuts
    D:11: 350 daAuts
    D:14: 170 daAuts
